 Dungeon Crawl Stone Soup version 0.30-a0-242-g7bf8e6d787 (webtiles) character file.

Game seed: 8630181568131159013

109 gzilladon the Chopper (level 4, -2/40 HPs)
             Began as a Naga Gladiator on Oct 11, 2022.
             Slain by a white imp (4 damage)
             ... summoned by Natasha
             ... on level 2 of the Dungeon.
             The game lasted 00:05:06 (1800 turns).

gzilladon the Chopper (Naga Gladiator)              Turns: 1800, Time: 00:05:07

Health: -2/40      AC:  0    Str: 18    XL:     4   Next: 89%
Magic:  4/4        EV: 20    Int:  9    God:
Gold:   74         SH:  0    Dex: 17    Spells: 3/3 levels left

rFire   . . .      SeeInvis +    (weapon currently unavailable)
rCold   . . .      Faith    .    (shield currently unavailable)
rNeg    . . .      Spirit   .    (body armour currently unavailable)
rPois   .          Reflect  .    (helmet currently unavailable)
rElec   .          Harm     .    (cloak currently unavailable)
rCorr   .          Rampage  .    (gloves currently unavailable)
Will    .....                    (no barding)
Stlth   ++........               (no amulet)
HPRegen 0.26/turn                (ring currently unavailable)
MPRegen 0.09/turn                (ring currently unavailable)

@: bat-form, flying, very quick
A: fast, flying, no casting, AC +1, tiny, see invisible, (deformed body),
(poison resistance), (slowness 2), spit poison 1, (naga tail 1)
a: Spit Poison


You were on level 2 of the Dungeon.
You were a bat.
You visited 1 branch of the dungeon, and saw 2 of its levels.

You collected 74 gold pieces.

Inventory:

Hand Weapons
 a - a +0 war axe (melded)
Missiles
 d - 4 throwing nets (quivered)
 e - 6 javelins
Armour
 b - a +0 leather armour
 c - a +0 helmet (melded)
 j - a +0 ring mail
 p - a +0 chain mail (melded)
Scrolls
 f - a scroll of poison {unknown}
 h - a scroll of identify {unknown}
 i - a scroll of vulnerability {unknown}
 m - a scroll of acquirement {unknown}
 o - 2 scrolls of brand weapon {unknown}
 q - 2 scrolls of enchant weapon {unknown}
Potions
 g - 2 potions of resistance {unknown}
 k - a potion of attraction {unknown}
 l - 2 potions of haste {unknown}
 n - 3 potions of curing {unknown}


   Skills:
 + Level 2.4 Fighting
 + Level 4.1 Axes
 + Level 1.7 Throwing
 + Level 1.6 Armour
 + Level 2.8 Dodging
 + Level 1.4 Stealth


You had 3 spell levels left.
You didn't know any spells.
Your spell library contained the following spells:

 Spells                   Type           Power      Damage    Failure   Level
 Frozen Ramparts          Ice            0%         1d1       77%         3
 Ice Form                 Ice/Tmut       0%         N/A       99%         4
 Summon Ice Beast         Ice/Summ       0%         N/A       99%         4


Dungeon Overview and Level Annotations

Branches:
Dungeon (2/15)

Altars:

Annotations:
D:2 Natasha


Innate Abilities, Weirdness & Mutations

You are a bat.
You are tiny and dextrous.
You move quickly.
You are flying.
Your equipment is almost entirely melded.
You are incapable of wielding weapons or throwing items.
You cannot cast spells.
((Your serpentine skin is tough. (AC +1)))
You have supernaturally acute eyesight. (SInv)
((Armour fits poorly on your strangely shaped body.))
((Your system is resistant to poisons. (rPois)))
((You cover ground very slowly.))
You can spit poison.
((You have a snake-like lower body.))


Message History

You barely miss Natasha.
Natasha is moderately wounded.
You hit Natasha but do no damage.
Natasha is moderately wounded.
Natasha claws you.
You hit Natasha.
Natasha is moderately wounded.
Natasha closely misses you.
You hit Natasha but do no damage.
Natasha is moderately wounded.
The crimson imp blinks!
Natasha mumbles some strange words.
You hit Natasha.
Natasha is heavily wounded.
Natasha completely misses you.
You hit Natasha but do no damage.
Natasha is heavily wounded.
The crimson imp blinks!
Natasha claws you.
You hit Natasha.
Natasha is severely wounded.
Natasha closely misses you.
You barely miss Natasha.
Natasha is severely wounded.
The white imp shouts, "Accept thy doom, thou ducking fool-born crab-lanthorn!"
The white imp hits you. The white imp freezes you.
The crimson imp blinks!
Natasha claws you.
* * * LOW HITPOINT WARNING * * *
You hit Natasha.
Natasha is severely wounded.
The white imp hits you.
* * * LOW HITPOINT WARNING * * *
The white imp freezes you.
* * * LOW HITPOINT WARNING * * *
Natasha casts a spell.
You barely miss Natasha.
Natasha is severely wounded.
The white imp hits you.
* * * LOW HITPOINT WARNING * * *
The white imp freezes you.
You die...

###########..#.#...)...#
#.................####.#
#.#######.#....#..# #.#
#.# #......#..# #.#
..#######.#.......# #.#
..................#
#.#####
#########.#.#..#..#
#...<.# # #.#....#..#
####### # #.#....#b.#
#########.#....5h.#)#
................>.#.#
.##########....5....# .#
#................#
.###.#######......###
..................#
####.#######ยง.....###
#................#


You could see Natasha, a crimson imp (summoned) and a white imp (summoned).

Vanquished Creatures
  Jessica (D:2)
  Natasha (D:2)
  Terence (D:2)
  A worm (D:2)
  A dart slug (D:1)
  4 orcs (D:2)
  2 endoplasms
  A giant cockroach (D:1)
  A goblin (D:2)
  2 hobgoblins
  2 quokkas
  4 ball pythons
  5 bats
  4 kobolds
30 creatures vanquished.

Notes
Turn   | Place    | Note
-------+----------+-------------------------------------------
     0 | D:1      | gzilladon the Naga Gladiator began the quest for the Orb.
     0 | D:1      | Reached XP level 1. HP: 19/19 MP: 1/1
   220 | D:1      | Reached XP level 2. HP: 13/26 MP: 2/2
   682 | D:2      | Reached skill level 1 in Stealth
   812 | D:2      | Reached XP level 3. HP: 14/32 MP: 3/3
   898 | D:2      | Noticed Jessica
   901 | D:2      | Found a faded altar of an unknown god.
   907 | D:2      | Killed Jessica
  1162 | D:2      | Noticed Natasha
  1172 | D:2      | Killed Natasha
  1173 | D:2      | Reached skill level 1 in Armour
  1173 | D:2      | Reached XP level 4. HP: 20/40 MP: 4/4
  1376 | D:2      | Noticed Terence
  1384 | D:2      | Killed Terence
  1385 | D:2      | Reached skill level 4 in Axes
  1778 | D:2      | Noticed Natasha
  1800 | D:2      | HP: 2/40 [white imp[Natasha] (4)]
  1800 | D:2      | Slain by a white imp

Illustrated notes

Levels and vault maps discovered:
D:1:      dpeg_arrival_erosion, layout_rooms
D:2:      minmay_angry_zag, layout_basic,
          hellmonk_ecumenical_altar_pennies_from_heaven, uniq_terence,
          uniq_jessica, uniq_natasha

Skill      XL: |  1  2  3  4 |
---------------+-------------+-----
Stealth        | 1 |  1.4
Armour         | 1 |  1.6
Axes           | 4 |  4.1
Fighting       | |  2.4
Throwing       | |  1.7
Dodging        | |  2.8

Action                   |  1- 3 |  4- 6 || total
-------------------------+-------+-------++-------
Melee: War axe           |    72 |    26 ||    98
       Unarmed           |       |    16 ||    16
 Stab: Sleeping          |     1 |       ||     1
Armor: Leather armour    |     8 |       ||     8
       Ring mail         |    34 |     6 ||    40
       Chain mail        |       |    18 ||    18
Dodge: Dodged            |    56 |    30 ||    86

Table legend: (Time is in decaauts)
 A = Elapsed time spent in this place.
 B = Non-inter-level travel time spent in this place.
 C = Inter-level travel time spent in this place.
 D = Time resting spent in this place.
 E = Time spent auto-exploring this place.
 F = Levels seen in this place.
 G = Mean time per level.
                   A        B        C        D        E       F      G
               +--------+--------+--------+--------+--------+-----+--------+
         Total |   2307 |   2069 |    238 |    438 |      0 |   2 | 1153.5 |
       Dungeon |   2307 |   2069 |    238 |    438 |      0 |   2 | 1153.5 |
               +--------+--------+--------+--------+--------+-----+--------+

Top non-repeatable levels by time:
     D:2: 1413 daAuts
     D:1: 894 daAuts
